 Dungeon Crawl Stone Soup version 0.29.1-1-gd02db6906a (webtiles) character file.

Game seed: 14948143507157824222

70 Iusername the Covered (level 4, 1/1 (40) HPs)
             Began as a Minotaur Fighter on Sept 29, 2022.
             Tarried too long and was consumed by Zot
             ... on level 1 of the Dungeon.
             The game lasted 00:10:49 (20959 turns).

Iusername the Covered (Minotaur Fighter)           Turns: 20959, Time: 00:10:50

HP:   1/1 (40)      AC:  7    Str: 22    XL:     4   Next: 4%
MP:   3/3           EV:  9    Int:  5    God:
Gold: 54            SH:  4    Dex: 10    Spells: 3/3 levels left

rFire   . . .      SeeInvis .   a - +0 war axe
rCold   . . .      Faith    .   c - +0 buckler
rNeg    . . .      Spirit   .   b - +0 scale mail
rPois   .          Reflect  .   (helmet restricted)
rElec   .          Harm     .   (no cloak)
rCorr   .          Rampage  .   (no gloves)
Will    .....                   (no boots)
Stlth   ..........              (no amulet)
HPRegen 0.01/turn               (no ring)
MPRegen 0.08/turn               (no ring)

@: extremely drained, bezotted and risking death
A: horns 2, retaliatory headbutt
a: no special abilities


You were on level 1 of the Dungeon.
You visited 1 branch of the dungeon, and saw 3 of its levels.

You collected 54 gold pieces.

Inventory:

Hand Weapons
 a - a +0 war axe (weapon)
Armour
 b - a +0 scale mail (worn)
 c - a +0 buckler (worn)
 j - a +0 plate armour
Jewellery
 f - a ring of fire
 k - the ring "Fobri" {rElec rF+ Int+5 Dex+2}
   (You found it on level 2 of the Dungeon)

   [ring of protection from fire]

   Int:       It affects your intelligence (+5).
   Dex:       It affects your dexterity (+2).
   rF:        It protects you from fire.
   rElec:     It insulates you from electricity.
 n - a ring of flight
Scrolls
 i - a scroll of vulnerability {unknown}
 l - 2 scrolls of identify {unknown}
 m - 2 scrolls of teleportation {unknown}
Potions
 d - a potion of might
 e - a potion of resistance {unknown}
 g - a potion of attraction {unknown}
 h - a potion of mutation {unknown}
 o - a potion of brilliance {unknown}
 p - a potion of curing {unknown}


   Skills:
 + Level 4.0 Fighting
 + Level 2.8 Axes
 + Level 5.1 Armour
 + Level 0.4 Dodging
 + Level 0.5 Stealth
 + Level 3.9 Shields


You had 3 spell levels left.
You didn't know any spells.
Your spell library contained the following spells:

 Spells                   Type           Power      Damage    Failure   Level
 Dazzling Flash           Conj/Hex       0%         N/A       99%         3
 Gell's Gravitas          Tloc           0%         N/A       99%         3
 Lesser Beckoning         Tloc           0%         N/A       99%         3
 Teleport Other           Tloc           0%         N/A       99%         3
 Agony                    Necr           0%         N/A       100%        5
 Silence                  Hex/Air        0%         N/A       100%        5


Dungeon Overview and Level Annotations

Branches:
Dungeon (3/15) Zot: 0! You are so drained that the power of Zot will kill you!

Altars:


Innate Abilities, Weirdness & Mutations

You have a pair of horns on your head.
You reflexively headbutt those who attack you in melee.


Message History

There is a staircase leading out of the dungeon here.
There is a staircase leading out of the dungeon here.
There is a staircase leading out of the dungeon here.
There is a staircase leading out of the dungeon here.
There is a staircase leading out of the dungeon here.
There is a staircase leading out of the dungeon here.
There is a staircase leading out of the dungeon here.
There is a staircase leading out of the dungeon here.
There is a staircase leading out of the dungeon here.
There is a staircase leading out of the dungeon here.
There is a staircase leading out of the dungeon here.
There is a staircase leading out of the dungeon here.
There is a staircase leading out of the dungeon here.
There is a staircase leading out of the dungeon here.
There is a staircase leading out of the dungeon here.
There is a staircase leading out of the dungeon here.
There is a staircase leading out of the dungeon here.
There is a staircase leading out of the dungeon here.
There is a staircase leading out of the dungeon here.
There is a staircase leading out of the dungeon here.
There is a staircase leading out of the dungeon here.
There is a staircase leading out of the dungeon here.
There is a staircase leading out of the dungeon here.
There is a staircase leading out of the dungeon here.
There is a staircase leading out of the dungeon here.
There is a staircase leading out of the dungeon here.
There is a staircase leading out of the dungeon here.
There is a staircase leading out of the dungeon here.
There is a staircase leading out of the dungeon here.
There is a staircase leading out of the dungeon here.
There is a staircase leading out of the dungeon here.
There is a staircase leading out of the dungeon here.
There is a staircase leading out of the dungeon here.
There is a staircase leading out of the dungeon here.
There is a staircase leading out of the dungeon here.
There is a staircase leading out of the dungeon here.
There is a staircase leading out of the dungeon here.
Are you sure you want to leave the Dungeon?
This will make you lose the game! Zot has found you!
You die...

#......##.#
#......##.#
##.#.#.##.##
#......##..######
#......###......#
#.##.###
######.##
#......#
#........
#......#
#........
#@...###
#........
#......#
#........
#......#
###....##
####.#.# #....#
#......# #....#
#......# ##....#
#.##..## #.....#
#......# #†#####
#......# ##.#


There were no monsters in sight!

Vanquished Creatures
  An adder (D:2)
  2 worms (D:2)
  2 dart slugs (D:1)
  An orc (D:2)
  4 ball pythons
  6 endoplasms
  5 giant cockroaches
  3 goblins
  3 hobgoblins
  5 jackals (D:2)
  2 kobolds
  2 quokkas (D:1)
  2 bats (D:2)
  2 frilled lizards
  5 rats
45 creatures vanquished.

Notes
Turn   | Place    | Note
-------+----------+-------------------------------------------
     0 | D:1      | Iusername the Minotaur Fighter began the quest for the Orb.
     0 | D:1      | Reached XP level 1. HP: 19/19 MP: 0/0
   115 | D:1      | Reached XP level 2. HP: 27/27 MP: 1/1
   243 | D:1      | Reached skill level 4 in Armour
  4993 | D:1      | Glimpsed the power of Zot.
 10993 | D:1      | Glimpsed the power of Zot.
 11070 | D:2      | Identified the ring "Fobri" {rElec rF+ Int+5 Dex+2}
 11243 | D:2      | Reached XP level 3. HP: 32/33 MP: 2/2
 11258 | D:2      | Found a faded altar of an unknown god.
 11792 | D:2      | Reached skill level 5 in Armour
 16967 | D:1      | Glimpsed the power of Zot.
 17466 | D:1      | Glimpsed the power of Zot.
 17866 | D:1      | Glimpsed the power of Zot.
 17966 | D:1      | Touched by the power of Zot.
 17967 | D:1      | Glimpsed the power of Zot.
 18462 | D:1      | Glimpsed the power of Zot.
 18717 | D:1      | Reached XP level 4. HP: 22/27 MP: 3/3
 18859 | D:1      | Glimpsed the power of Zot.
 18959 | D:1      | Touched by the power of Zot.
 18960 | D:1      | Glimpsed the power of Zot.
 19460 | D:1      | Glimpsed the power of Zot.
 19860 | D:1      | Glimpsed the power of Zot.
 19959 | D:1      | Touched by the power of Zot.
 19960 | D:1      | Glimpsed the power of Zot.
 20460 | D:1      | Glimpsed the power of Zot.
 20860 | D:1      | Glimpsed the power of Zot.
 20959 | D:1      | Tarried too long and was consumed by Zot

Illustrated notes

Levels and vault maps discovered:
D:1:      dpeg_arrival_ternary, layout_basic,
          hangedman_abyss_or_decor_lesser_grid, minmay_misc_feat_rugged
D:2:      layout_loops_ring, shapermc_ecumenical_altar_petra, minmay_between
D:3:      layout_loops_cross

Skill      XL: |  1  2  3 |
---------------+----------+-----
Armour         | 4 5 |  5.1
Fighting       | 4 |  4.0
Axes           | |  2.8
Dodging        | |  0.4
Stealth        | |  0.5
Shields        | |  3.9

Action                   |  1- 3 |  4- 6 || total
-------------------------+-------+-------++-------
Melee: War axe           |    85 |     5 ||    90
       Headbutt          |     8 |       ||     8
Armor: Scale mail        |    36 |       ||    36
Dodge: Dodged            |    43 |     3 ||    46
Block: Buckler           |    16 |     2 ||    18
